 Dungeon Crawl Stone Soup version 0.27.1-1-g398f81649c (webtiles) character file.

Game seed: 9402619063697642468

8 Kisaca the Stinger (level 2, -1/22 HPs)
             Began as a Naga Venom Mage on Sept 17, 2021.
             Slain by a hobgoblin (4 damage)
             ... on level 2 of the Dungeon.
             The game lasted 00:05:01 (461 turns).

Kisaca the Stinger (Naga Venom Mage)                 Turns: 461, Time: 00:05:03

Health: -1/22      AC:  1    Str: 10    XL:     2   Next: 8%
Magic:  3/5        EV: 10    Int: 15    God:
Gold:   19         SH:  0    Dex: 11    Spells: 4/5 levels left

rFire    . . .     SeeInvis +   d - +0 short sword
rCold    . . .     Faith    .   (no shield)
rNeg     . . .     Spirit   .   a - +0 robe
rPois    +         Reflect  .   (no helmet)
rElec    .         Harm     .   (no cloak)
rCorr    .         Rampage  .   (no gloves)
Will     .....                  (no barding)
Stlth    ++........             (no amulet)
HPRegen  0.07/turn              (no ring)
MPRegen  0.09/turn              (no ring)

@: very slow
A: AC +0, large, see invisible, deformed body, poison resistance, slowness 2,
spit poison 1, naga tail 1
a: Spit Poison


You were on level 2 of the Dungeon.
You visited 1 branch of the dungeon, and saw 2 of its levels.

You collected 19 gold pieces.

Inventory:

Hand Weapons
 c - a +0 dagger
 d - a +0 short sword (weapon)
Armour
 a - a +0 robe (worn)
Scrolls
 b - a scroll of amnesia {unknown}
Potions
 e - a potion of ambrosia {unknown}


   Skills:
 + Level 1.7 Dodging
 + Level 3.0 Stealth
 + Level 2.0 Spellcasting
 + Level 1.0 Transmutations
 + Level 4.6 Poison Magic


You had 4 spell levels left.
You knew the following spells:

 Your Spells              Type           Power      Damage    Failure   Level
a - Sting                 Tmut/Pois      36%        1d4       7%          1

Your spell library contained the following spells:

 Spells                   Type           Power      Damage    Failure   Level
 Poisonous Vapours        Pois/Air       16%        N/A       13%         2
 Olgreb's Toxic Radiance  Pois           15%        N/A       32%         4
 Mephitic Cloud           Conj/Pois/Air  6%         N/A       34%         3


Dungeon Overview and Level Annotations

Branches:
Dungeon (2/15)

Altars:

Shops:
D:1 [


Innate Abilities, Weirdness & Mutations

Your serpentine skin is tough. (AC +0)
You have supernaturally acute eyesight. (SInv)
Armour fits poorly on your strangely shaped body.
Your system is resistant to poisons. (rPois)
You cover ground very slowly.
You can spit poison.
You have a snake-like lower body.


Message History

You miss the frilled lizard. The frilled lizard barely misses you.
You miss the frilled lizard. The frilled lizard bites you.
The frilled lizard misses you.
You miss the frilled lizard. The frilled lizard bites you.
You barely miss the frilled lizard. The frilled lizard barely misses you.
You hit the frilled lizard.
You kill the frilled lizard!
You have reached level 2!
Unknown command.
There is an escape hatch in the floor here.
You slide downwards.
The hatch slams shut behind you.
An endoplasm comes into view.
A hobgoblin comes into view.
A ball python comes into view.
The endoplasm quivers.
The hobgoblin shouts!
A hobgoblin comes into view.
The endoplasm hits you.
Aiming: Sting (safe; 7% risk of failure)
Press: ? - help, Q - select action, (/) - cycle Shift-Dir - straight line, f - hobgoblin
Aim: a hobgoblin (68% to hit)
The sting hits the hobgoblin.
The hobgoblin is poisoned.
The hobgoblin is heavily wounded.
The endoplasm barely misses you.
The hobgoblin hits you but does no damage.
You kill the hobgoblin!
The endoplasm freezes you.
You are frozen.
A rat comes into view.
The endoplasm hits you.
* * * LOW HITPOINT WARNING * * *
The endoplasm hits you.
* * * LOW HITPOINT WARNING * * *
Aiming: Sting (safe; 7% risk of failure)
Press: ? - help, Q - select action, (/) - cycle Shift-Dir - straight line, f - hobgoblin
Aim: a hobgoblin (68% to hit)
The sting hits the hobgoblin.
The hobgoblin is poisoned.
The hobgoblin is heavily wounded.
The hobgoblin hits you.
You die...

... .... ..
....##########.....
......#............
......#.#........#
.................#
.................#
#....@g........#...
###...J............
#.........##
##.....#### #...r.#
##.....#####
#...........
#......####g
#......+


You could see an endoplasm, a hobgoblin (poisoned) and a rat.

Vanquished Creatures
  A bat (D:1)
  A hobgoblin (D:2)
  3 kobolds (D:1)
  A quokka (D:1)
  A frilled lizard (D:1)
7 creatures vanquished.

Notes
Turn   | Place    | Note
-------+----------+-------------------------------------------
     0 | D:1      | Kisaca the Naga Venom Mage began the quest for the Orb.
     0 | D:1      | Reached XP level 1. HP: 15/15 MP: 3/3
   420 | D:1      | Found Cioheopn's Armour Boutique.
   441 | D:1      | Reached XP level 2. HP: 12/22 MP: 5/5
   461 | D:2      | Slain by a hobgoblin

Illustrated notes

Levels and vault maps discovered:
D:1:      minmay_arrival_wavy_path, layout_basic, serial_shops,
          nicolae_shop_statue_plus
D:2:      layout_basic, basic_altar, lexackson_kobold_supper

Action                   || total
-------------------------++-------
Melee: Short sword       ||    11
 Cast: Sting             ||     8
 Abil: Spit Poison       ||     4
Armor: Robe              ||     6
Dodge: Dodged            ||    19
